 Dungeon Crawl Stone Soup version 0.27-a0-1434-g6f15984924 (webtiles) character file.

Game seed: 16596205826980746549

26 Sin92 the Skirmisher (level 2, -2/24 HPs)
             Began as a Demonspawn Fighter on July 3, 2021.
             Succumbed to an adder's poison
             ... on level 2 of the Dungeon.
             The game lasted 00:01:24 (990 turns).

Sin92 the Skirmisher (Demonspawn Fighter)            Turns: 990, Time: 00:01:24

Health: -2/24      AC: 10    Str: 16    XL:     2   Next: 89%
Magic:  2/2        EV:  4    Int:  9    God:
Gold:   34         SH:  8    Dex: 12    Spells: 1/1 levels left

rFire    . . .     SeeInvis .   a - +0 war axe
rCold    . . .     Faith    .   c - +0 kite shield
rNeg     . . .     Spirit   .   e - +0 chain mail
rPois    .         Reflect  .   (no helmet)
rElec    .         Harm     .   (no cloak)
rCorr    .         Rampage  .   (no gloves)
Will     .....                  i - +0 pair of boots
Stlth    ..........             (no amulet)
HPRegen  0.08/turn              (no ring)
MPRegen  0.16/turn              (no ring)

@: lethally poisoned (-2 -> -8), attractive
A: magic regeneration
a: no special abilities


You were on level 2 of the Dungeon.
You visited 1 branch of the dungeon, and saw 2 of its levels.

You collected 34 gold pieces.

Inventory:

Hand Weapons
 a - a +0 war axe (weapon)
Armour
 b - a +0 scale mail
 c - a +0 kite shield (worn)
 e - a +0 chain mail (worn)
 i - a +0 pair of boots (worn)
Scrolls
 h - a scroll of amnesia {unknown}
 j - 2 scrolls of identify {unknown}
Potions
 d - a potion of might
 f - a potion of brilliance {unknown}


   Skills:
 + Level 3.1 Fighting
 + Level 2.2 Axes
 + Level 2.9 Armour
 + Level 3.1 Shields


You had one spell level left.
You didn't know any spells.
Your spell library was empty.

Dungeon Overview and Level Annotations

Branches:
Dungeon (2/15)

Altars:


Innate Abilities, Weirdness & Mutations

You regenerate magic rapidly.


Message History

Unknown command.
You hit the adder.
The adder is severely wounded.
You hit the quokka.
You feel sick. The adder bites you but does no damage. The quokka bites you.
You block the adder's attack. The adder barely misses you.
The quokka bites you.
Unknown command.
You are too injured to fight recklessly!
Unknown command.
You are too injured to fight recklessly!
Unknown command.
It was a potion of attraction.
You feel attractive to monsters.
You feel sick. You block the adder's attack.
The quokka bites you but does no damage.
You feel sick.
You are no longer poisoned.
You block the adder's attack.
The quokka bites you but does no damage.
You see here a giant cockroach corpse.
You hit the quokka but do no damage.
The quokka is moderately wounded.
You closely miss the adder. The adder bites you but does no damage.
The quokka bites you but does no damage.
You block the adder's attack. The quokka barely misses you.
Unknown command.
You hit the quokka.
The quokka is almost dead.
You closely miss the adder. You block the adder's attack.
The quokka bites you but does no damage.
The adder bites you.
* * * LOW HITPOINT WARNING * * *
You are lethally poisoned!
The adder poisons you! The quokka bites you.
* * * LOW HITPOINT WARNING * * *
You barely miss the quokka.
The quokka is almost dead.
You hit the adder.
You kill the adder!
You die...

#.# # #.#
.. #.# .# #
#<#####.#
.#
#.......#
..
###....##
.. # ##.#.#
.#...
#†#r#....##
#..@.......
#..†#......
#...# .####
#.... #
#..### #...
##.# #.#


You could see a quokka.

Vanquished Creatures
  An adder (D:2)
  2 endoplasms (D:1)
  A giant cockroach (D:2)
  A goblin (D:1)
  5 hobgoblins
  4 jackals (D:1)
  2 quokkas (D:1)
  2 ball pythons (D:1)
  2 bats (D:1)
  2 frilled lizards
  2 kobolds (D:1)
24 creatures vanquished.

Notes
Turn   | Place    | Note
-------+----------+-------------------------------------------
     0 | D:1      | Sin92 the Demonspawn Fighter began the quest for the Orb.
     0 | D:1      | Reached XP level 1. HP: 18/18 MP: 1/1
   288 | D:1      | Gained mutation: You regenerate magic rapidly. [demonic
                  | ancestry]
   288 | D:1      | Reached XP level 2. HP: 24/24 MP: 2/2
   989 | D:2      | HP: 1/24 [quokka (2)]
   990 | D:2      | Succumbed to an adder's poison

Illustrated notes

Levels and vault maps discovered:
D:1:      scummos_arrival_simple_fountains, layout_loops_cross,
          nrook_mini_vaults
D:2:      layout_loops_ring, minmay_pentomino_v2

Skill      XL: |  1  2 |
---------------+-------+-----
Shields        | 3 |  3.1
Axes           | 2 |  2.2
Fighting       | |  3.1
Armour         | |  2.9

Action                   || total
-------------------------++-------
Melee: War axe           ||    70
  Use: Potion            ||     1
Armor: Chain mail        ||    71
       Scale mail        ||     1
Dodge: Dodged            ||    16
Block: Kite shield       ||    50

Table legend: (Time is in decaauts)
 A = Elapsed time spent in this place.
 B = Non-inter-level travel time spent in this place.
 C = Inter-level travel time spent in this place.
 D = Time resting spent in this place.
 E = Time spent auto-exploring this place.
 F = Levels seen in this place.
 G = Mean time per level.
                   A        B        C        D        E       F      G
               +--------+--------+--------+--------+--------+-----+--------+
         Total |   1033 |   1003 |     30 |      0 |    801 |   2 |  516.5 |
       Dungeon |   1033 |   1003 |     30 |      0 |    801 |   2 |  516.5 |
               +--------+--------+--------+--------+--------+-----+--------+

Top non-repeatable levels by time:
     D:1: 1002 daAuts
     D:2: 31 daAuts
